| TOP OF THE 1ST |
|
Elmira Pioneers batting - Pitching for Waterbury Rough Riders : RHP Mathew McArow
|
|
Pitching: RHP Mathew McArow
|
|
|
Batting: RHB Ken Dowell
|
0-0: Called Strike 0-1: Foul Ball, location: 2F 0-2: Strikes out looking
|
|
Batting: RHB Mark Wasinger
|
0-0: Foul Ball, location: 2F 0-1: Ball 1-1: SINGLE (Flyball, 78S, EV 95.6 MPH)
|
|
Batting: RHB Richard Givens
|
0-0: Ball 1-0: Swinging Strike 1-1: SINGLE (Groundball, 56S, EV 62.5 MPH) (infield hit) Mark Wasinger to second
|
|
Batting: RHB Greg Keatley
|
0-0: Called Strike 0-1: Ball 1-1: Swinging Strike 1-2: Strikes out swinging
|
|
Batting: RHB Edwin Rodriguez
|
0-0: Ball 1-0: Ball 2-0: Foul Ball, location: 2F 2-1: Ball 3-1: Base on Balls Mark Wasinger to third Richard Givens to second
|
|
Batting: SHB Esteban Mendez
|
0-0: Ball 1-0: Foul Ball, location: 2F 1-1: Ground out 2-3 (Groundball, 13S, EV 69.4 MPH)
|
| Top of the 1st over - 0 runs, 2 hits, 0 errors, 3 left on base; Elmira 0 - Waterbury 0 |
| BOTTOM OF THE 1ST |
|
Waterbury Rough Riders batting - Pitching for Elmira Pioneers : RHP Rick Behenna
|
|
Pitching: RHP Rick Behenna
|
|
|
Batting: RHB David Corman
|
0-0: Called Strike 0-1: Called Strike 0-2: Ball 1-2: Ball 2-2: Foul Ball, location: 2F 2-2: Foul Ball, location: 2F 2-2: Ball 3-2: Foul Ball, location: 2F 3-2: Base on Balls
|
|
Batting: RHB Dave Wilder
|
0-0: Ball 1-0: Called Strike 1-1: Ball 2-1: Grounds into double play, 6-4-3 (Groundball, 6, EV 106.9 MPH)
|
|
Batting: RHB Billy Beane
|
0-0: Ball 1-0: Foul Ball, location: 2F 1-1: Ball 2-1: Foul Ball, location: 2F 2-2: Foul Ball, location: 2F 2-2: Fly out, F9 (Flyball, 9S, EV 93.8 MPH)
|
| Bottom of the 1st over - 0 runs, 0 hits, 0 errors, 0 left on base; Elmira 0 - Waterbury 0 |
| TOP OF THE 2ND |
|
Elmira Pioneers batting - Pitching for Waterbury Rough Riders : RHP Mathew McArow
|
|
Batting: LHB Juan Flores
|
0-0: Ball 1-0: Ball 2-0: Ball 3-0: Called Strike 3-1: Ground out U3 (Groundball, 3, EV 103.8 MPH)
|
|
Batting: RHB Curtis Cannedy
|
0-0: Ball 1-0: Called Strike 1-1: Called Strike 1-2: Foul Ball, location: 2F 1-2: Foul Ball, location: 2F 1-2: Ball 2-2: Fly out, F7 (Flyball, 78M, EV 88.8 MPH)
|
|
Batting: LHB German Barranca
|
0-0: Called Strike 0-1: Foul Ball, location: 2F 0-2: Strikes out swinging
|
| Top of the 2nd over - 0 runs, 0 hits, 0 errors, 0 left on base; Elmira 0 - Waterbury 0 |
| BOTTOM OF THE 2ND |
|
Waterbury Rough Riders batting - Pitching for Elmira Pioneers : RHP Rick Behenna
|
|
Batting: RHB john W Russell
|
0-0: Foul Ball, location: 2F 0-1: Ball 1-1: Ball 2-1: Ball 3-1: Foul Ball, location: 2F 3-2: Fly out, F7 (Flyball, 78S, EV 90.0 MPH)
|
|
Batting: RHB Junior Ortiz
|
0-0: Ball 1-0: Called Strike 1-1: Ball 2-1: Called Strike 2-2: Ground out 6-3 (Groundball, 4MS, EV 63.8 MPH)
|
|
Batting: LHB David Blume
|
0-0: Called Strike 0-1: Ball 1-1: Ball 2-1: Ball 3-1: Base on Balls
|
|
Batting: RHB Daniel Purpura
|
0-0: Swinging Strike 0-1: Ball 1-1: Called Strike 1-2: Strikes out swinging
|
| Bottom of the 2nd over - 0 runs, 0 hits, 0 errors, 1 left on base; Elmira 0 - Waterbury 0 |
| TOP OF THE 3RD |
|
Elmira Pioneers batting - Pitching for Waterbury Rough Riders : RHP Mathew McArow
|
|
Batting: RHB Ken Dowell
|
0-0: Foul Ball, location: 2F 0-1: Called Strike 0-2: Foul Ball, location: 2F 0-2: Ball 1-2: Ball 2-2: Ball 3-2: Base on Balls
|
|
Batting: RHB Mark Wasinger
|
0-0: Called Strike 0-1: Ball 1-1: Called Strike Ken Dowell is caught stealing 2nd base 2-4 1-2: Ball 2-2: Strikes out swinging
|
|
Batting: RHB Richard Givens
|
0-0: Ball 1-0: Ball 2-0: Ball 3-0: Called Strike 3-1: Base on Balls
|
|
Batting: RHB Greg Keatley
|
0-0: Ball 1-0: Called Strike 1-1: Ball 2-1: Fielders Choice at 2nd, 6-4 (Groundball, 6, EV 102.5 MPH)
|
| Top of the 3rd over - 0 runs, 0 hits, 0 errors, 1 left on base; Elmira 0 - Waterbury 0 |
| BOTTOM OF THE 3RD |
|
Waterbury Rough Riders batting - Pitching for Elmira Pioneers : RHP Rick Behenna
|
|
Batting: RHB Jose Quiroz
|
0-0: Ball 1-0: Called Strike 1-1: Ball 2-1: Foul Ball, location: 2F 2-2: Ball 3-2: Ground out 1-3 (Groundball, 34S, EV 65.6 MPH)
|
|
Batting: RHB Joseph Pocoroba
|
0-0: Called Strike 0-1: Fly out, F8 (Flyball, 8LD, EV 100.0 MPH)
|
|
Batting: RHB David Corman
|
0-0: Called Strike 0-1: Foul Ball, location: 2F 0-2: Strikes out swinging
|
| Bottom of the 3rd over - 0 runs, 0 hits, 0 errors, 0 left on base; Elmira 0 - Waterbury 0 |
| TOP OF THE 4TH |
|
Elmira Pioneers batting - Pitching for Waterbury Rough Riders : RHP Mathew McArow
|
|
Batting: RHB Edwin Rodriguez
|
0-0: Called Strike 0-1: Foul Ball, location: 2F 0-2: Ball 1-2: Ball 2-2: Foul Ball, location: 2F 2-2: Foul Ball, location: 2F 2-2: Fly out, F7 (Flyball, 7LS, EV 71.3 MPH)
|
|
Batting: SHB Esteban Mendez
|
0-0: Ball 1-0: Called Strike 1-1: Ball 2-1: Ball 3-1: Ground out 4-3 (Groundball, 4, EV 86.3 MPH)
|
|
Batting: LHB Juan Flores
|
0-0: SINGLE (Line Drive, 8LS, EV 97.5 MPH)
|
|
Batting: RHB Curtis Cannedy
|
0-0: Called Strike 0-1: Ball 1-1: Foul Ball, location: 2F 1-2: Ball 2-2: Ball 3-2: Fly out, F8 (Flyball, 89D, EV 106.3 MPH)
|
| Top of the 4th over - 0 runs, 1 hit, 0 errors, 1 left on base; Elmira 0 - Waterbury 0 |
| BOTTOM OF THE 4TH |
|
Waterbury Rough Riders batting - Pitching for Elmira Pioneers : RHP Rick Behenna
|
|
Batting: RHB Dave Wilder
|
0-0: Called Strike 0-1: Ball 1-1: Foul Ball, location: 2F 1-2: Ball 2-2: Ball 3-2: Fly out, F7 (Flyball, 78D, EV 78.8 MPH)
|
|
Batting: RHB Billy Beane
|
0-0: Called Strike 0-1: Ball 1-1: Ground out 5-3 (Groundball, 56S, EV 81.9 MPH)
|
|
Batting: RHB john W Russell
|
0-0: Ball 1-0: Ball 2-0: Ball 3-0: Called Strike 3-1: Base on Balls
|
|
Batting: RHB Junior Ortiz
|
Pickoff Throw to First - Out! 1-3
|
| Bottom of the 4th over - 0 runs, 0 hits, 0 errors, 0 left on base; Elmira 0 - Waterbury 0 |
| TOP OF THE 5TH |
|
Elmira Pioneers batting - Pitching for Waterbury Rough Riders : RHP Mathew McArow
|
|
Batting: LHB German Barranca
|
0-0: Ball 1-0: Foul Ball, location: 2F 1-1: Ball 2-1: Fly out, F8 (Line Drive, 8LD, EV 92.5 MPH)
|
|
Batting: RHB Ken Dowell
|
0-0: Ball 1-0: Ground out 6-3 (Groundball, 6, EV 87.5 MPH)
|
|
Batting: RHB Mark Wasinger
|
0-0: Ball 1-0: Called Strike 1-1: Swinging Strike 1-2: Strikes out looking
|
| Top of the 5th over - 0 runs, 0 hits, 0 errors, 0 left on base; Elmira 0 - Waterbury 0 |
| BOTTOM OF THE 5TH |
|
Waterbury Rough Riders batting - Pitching for Elmira Pioneers : RHP Rick Behenna
|
|
Batting: RHB Junior Ortiz
|
0-0: Ground out 5-3 (Groundball, 5, EV 85.0 MPH)
|
|
Batting: LHB David Blume
|
0-0: Ball 1-0: Foul Ball, location: 2F 1-1: Swinging Strike 1-2: Ball 2-2: Strikes out swinging
|
|
Batting: RHB Daniel Purpura
|
0-0: Ball 1-0: TRIPLE (Flyball, 78XD, EV 91.9 MPH)
|
|
Batting: RHB Jose Quiroz
|
0-0: Called Strike 0-1: Called Strike 0-2: Ball 1-2: Strikes out swinging
|
| Bottom of the 5th over - 0 runs, 1 hit, 0 errors, 1 left on base; Elmira 0 - Waterbury 0 |
| TOP OF THE 6TH |
|
Elmira Pioneers batting - Pitching for Waterbury Rough Riders : RHP Mathew McArow
|
|
Batting: RHB Richard Givens
|
0-0: Called Strike 0-1: Foul Ball, location: 2F 0-2: Ball 1-2: Ball 2-2: Ball 3-2: Foul Ball, location: 2F 3-2: Base on Balls
|
|
Batting: RHB Greg Keatley
|
0-0: Fly out, F8 (Flyball, 8RM, EV 88.8 MPH)
|
|
Batting: RHB Edwin Rodriguez
|
0-0: Swinging Strike 0-1: Called Strike 0-2: Ball 1-2: Ball 2-2: Fielders Choice at 2nd, 3-6 (Groundball, 3, EV 85.0 MPH)
|
|
Batting: SHB Esteban Mendez
|
0-0: Ball Edwin Rodriguez is caught stealing 2nd base 2-6
|
| Top of the 6th over - 0 runs, 0 hits, 0 errors, 0 left on base; Elmira 0 - Waterbury 0 |
| BOTTOM OF THE 6TH |
|
Waterbury Rough Riders batting - Pitching for Elmira Pioneers : RHP Rick Behenna
|
|
Batting: RHB Joseph Pocoroba
|
0-0: Ball 1-0: Ground out 4-3 (Groundball, 4, EV 85.0 MPH)
|
|
Batting: RHB David Corman
|
0-0: Ball 1-0: Ball 2-0: Called Strike 2-1: Foul Ball, location: 2F 2-2: Ground out 5-3 (Groundball, 56, EV 101.9 MPH)
|
|
Batting: RHB Dave Wilder
|
0-0: Swinging Strike 0-1: Ball 1-1: Ball 2-1: Ball 3-1: Base on Balls
|
|
Batting: RHB Billy Beane
|
0-0: Called Strike 0-1: DOUBLE (Line Drive, 7LS, EV 91.3 MPH) Dave Wilder to third Runner from 3rd tries for Home, SAFE, no throw by LF
|
|
Batting: RHB john W Russell
|
0-0: Ball 1-0: Ball 2-0: Fly out, F7 (Flyball, 7, EV 92.5 MPH)
|
| Bottom of the 6th over - 1 run, 1 hit, 0 errors, 1 left on base; Elmira 0 - Waterbury 1 |
| TOP OF THE 7TH |
|
Elmira Pioneers batting - Pitching for Waterbury Rough Riders : RHP Mathew McArow
|
|
Batting: SHB Esteban Mendez
|
0-0: Called Strike 0-1: Ground out U3 (Groundball, 3, EV 88.8 MPH)
|
|
Batting: LHB Juan Flores
|
0-0: SINGLE (Groundball, 34D, EV 95.0 MPH)
|
|
Pinch Hitting: LHB Neil Fiala
|
0-0: Ball 1-0: Fly out, F7 (Line Drive, 7, EV 85.6 MPH)
|
|
Batting: LHB German Barranca
|
0-0: Ball 1-0: SINGLE (Groundball, 34D, EV 96.9 MPH) Juan Flores to second Runner from 2nd tries for 3rd, SAFE, throw by RF made to third German Barranca to second
|
|
Batting: RHB Ken Dowell
|
0-0: Called Strike 0-1: Ball 1-1: Fly out, F9 (Line Drive, 9, EV 88.1 MPH)
|
| Top of the 7th over - 0 runs, 2 hits, 0 errors, 2 left on base; Elmira 0 - Waterbury 1 |
| BOTTOM OF THE 7TH |
|
Waterbury Rough Riders batting - Pitching for Elmira Pioneers : RHP Rick Behenna
|
|
Now in CF: Ron Stinnett
|
|
|
Batting: RHB Junior Ortiz
|
0-0: Foul Ball, location: 2F 0-1: Ball 1-1: Ball 2-1: Foul Ball, location: 2F 2-2: Ball 3-2: Base on Balls
|
|
Batting: LHB David Blume
|
0-0: Ball 1-0: Fly out, F7 (Flyball, 7LS, EV 81.3 MPH)
|
|
Batting: RHB Daniel Purpura
|
0-0: Fly out, F8 (Flyball, 89M, EV 93.1 MPH)
|
|
Batting: RHB Jose Quiroz
|
0-0: Ball 1-0: Foul Ball, location: 2F 1-1: Fielders Choice at 2nd, 6-4 (Groundball, 6, EV 85.6 MPH)
|
| Bottom of the 7th over - 0 runs, 0 hits, 0 errors, 1 left on base; Elmira 0 - Waterbury 1 |
| TOP OF THE 8TH |
|
Elmira Pioneers batting - Pitching for Waterbury Rough Riders : RHP Mathew McArow
|
|
Batting: RHB Mark Wasinger
|
0-0: Ball 1-0: DOUBLE (Line Drive, 9LS, EV 102.5 MPH)
|
|
Batting: RHB Richard Givens
|
0-0: Ball 1-0: Ball 2-0: Called Strike 2-1: DOUBLE (Line Drive, 7LM, EV 108.1 MPH) Mark Wasinger scores
|
|
Batting: RHB Greg Keatley
|
0-0: Ball 1-0: Called Strike 1-1: Ball 2-1: Called Strike 2-2: Foul Ball, location: 2F 2-2: Ball 3-2: Base on Balls
|
|
Batting: RHB Edwin Rodriguez
|
0-0: Ball 1-0: Foul Ball, location: 2F 1-1: Ball 2-1: Ball 3-1: Fly out, F8 (Flyball, 8LM, EV 95.0 MPH)
|
|
Batting: SHB Esteban Mendez
|
0-0: Called Strike 0-1: Bunted foul 0-2: Foul Ball, location: 2F 0-2: Ball 1-2: Reached via error on a dropped throw from 1B, E1 (Groundball, 3L, EV 104.4 MPH) Richard Givens to third Greg Keatley to second
|
|
Batting: LHB Juan Flores
|
0-0: Fly out, F7 (Flyball, 7D, EV 96.9 MPH) Runner from 3rd tags up, SCORES, throw by LF
|
|
Batting: RHB Ron Stinnett
|
0-0: Ball 1-0: Foul Ball, location: 2F 1-1: Fielders Choice at 2nd, 5-4 (Groundball, 56, EV 76.3 MPH)
|
| Top of the 8th over - 2 runs, 2 hits, 1 error, 2 left on base; Elmira 2 - Waterbury 1 |
| BOTTOM OF THE 8TH |
|
Waterbury Rough Riders batting - Pitching for Elmira Pioneers : RHP Rick Behenna
|
|
Batting: RHB Joseph Pocoroba
|
0-0: Foul Ball, location: 2F 0-1: Foul Ball, location: 2F 0-2: Foul Ball, location: 2F 0-2: Strikes out swinging
|
|
Batting: RHB David Corman
|
0-0: Called Strike 0-1: Ball 1-1: SOLO HOME RUN (Flyball, 7LD, EV 100.6 MPH), Distance : 355 ft
|
|
Batting: RHB Dave Wilder
|
0-0: Ball 1-0: Foul Ball, location: 2F 1-1: Foul Ball, location: 2F 1-2: Ball 2-2: Foul Ball, location: 2F 2-2: Ball 3-2: Ground out 5-3 (Groundball, 56, EV 103.1 MPH)
|
|
Batting: RHB Billy Beane
|
0-0: Ball 1-0: Swinging Strike 1-1: Ball 2-1: Ball 3-1: Called Strike 3-2: Fly out, F6 (Flyball, 5D, EV 98.8 MPH)
|
| Bottom of the 8th over - 1 run, 1 hit, 0 errors, 0 left on base; Elmira 2 - Waterbury 2 |
| TOP OF THE 9TH |
|
Elmira Pioneers batting - Pitching for Waterbury Rough Riders : RHP Mathew McArow
|
|
Pitching: RHP John Maxson
|
|
|
Batting: LHB German Barranca
|
0-0: Ball 1-0: Foul Ball, location: 2F 1-1: Ground out 3-1 (Groundball, 34, EV 87.5 MPH)
|
|
Batting: RHB Ken Dowell
|
0-0: Ball 1-0: Foul Ball, location: 2F 1-1: Ground out 4-3 (Groundball, 4, EV 83.1 MPH)
|
|
Batting: RHB Mark Wasinger
|
0-0: Foul Ball, location: 2F 0-1: Foul Ball, location: 2F 0-2: Foul Ball, location: 2F 0-2: Ball 1-2: Fly out, F9 (Flyball, 9LM, EV 76.3 MPH)
|
| Top of the 9th over - 0 runs, 0 hits, 0 errors, 0 left on base; Elmira 2 - Waterbury 2 |
| BOTTOM OF THE 9TH |
|
Waterbury Rough Riders batting - Pitching for Elmira Pioneers : RHP Rick Behenna
|
|
Pitching: RHP Jim Siwy
|
|
|
Batting: RHB john W Russell
|
0-0: Ball 1-0: Ball 2-0: DOUBLE (Line Drive, 7LS, EV 94.4 MPH)
|
|
Batting: RHB Junior Ortiz
|
0-0: Ball 1-0: Foul Ball, location: 2F 1-1: DOUBLE (Flyball, 8RXD, EV 96.9 MPH) john W Russell scores
|
| Bottom of the 9th over - 1 run, 2 hits, 0 errors, 0 left on base; Elmira 2 - Waterbury 3 |
|